Build Orders - Match 35285508 - cohdb - Company of Heroes 3 Replays
cohdb
Replays
Latest Replays
All Replays
Popular Replays
Top Player Replays
Match Explorer
How It Works
Community
CoH3 Stats
Reddit
Sign in to upload your games and track your stats! →
Sign in with Steam
Match 35285508
Unlisted
Match 35285508
Overview
Messages
Build Orders
End
Construct Section Command Post
Infantry Section
Selects Indian Artillery Battlegroup
Infantry Section
Infantry Section
Infantry Section
Grenade Package
Construct Platoon Command Post
CMP 15cwt Truck
Infantry Training
Selects War Cry
Selects Gurkha Rifles Section
Selects Pillage
6-pounder Anti-tank Gun Team
Construct Company Command Post
Selects Artillery Saturation
Forward Retreat Point
Selects Off-map Airburst Barrage
Crusader II Medium Tank
Off-map Airburst Barrage
Selects Perimeter Monitor
Gurkha Rifles Section
6-pounder Anti-tank Gun Team
Crusader II Medium Tank
HIBBLE
SirFecker
JIANHU
Chunchill1007
Boxes
冥雨
旧时光
象棋大师
0
0
Comments
sign in to comment!
No comments posted yet!